 Dungeon Crawl Stone Soup version 0.29-a0-275-g389c0b56f3 (webtiles) character file.

Game seed: 6627587742182659163

3 spaghetti the Sneak (level 1, -1/11 HPs)
             Began as a Vine Stalker Delver on Mar 11, 2022.
             Shot with a sling bullet by a gnoll (3 damage)
             ... on level 5 of the Dungeon.
             The game lasted 00:00:26 (214 turns).

spaghetti the Sneak (Vine Stalker Delver)            Turns: 214, Time: 00:00:27

Health: -1/11      AC:  3    Str: 14    XL:     1   Next: 50%
Magic:  0/2        EV: 11    Int: 10    God:
Gold:   0          SH:  0    Dex: 15    Spells: 0/0 levels left

rFire   . . .      SeeInvis .     - Unarmed
rCold   . . .      Faith    .   (no shield)
rNeg    . . .      Spirit   +   a - +0 leather armour
rPois   .          Reflect  .   (no helmet)
rElec   .          Harm     .   (no cloak)
rCorr   .          Rampage  .   (no gloves)
Will    .....                   (no boots)
Stlth   +++.......              (no amulet)
HPRegen 0.03/turn               (no ring)
MPRegen 0.08/turn               (no ring)

@: no status effects
A: fangs 2, magic shield, antimagic bite, no potion heal 2
a: no special abilities


You were on level 5 of the Dungeon.
You visited 1 branch of the dungeon, and saw 2 of its levels.


Innate Abilities, Weirdness & Mutations

You have extremely sharp teeth.
When hurt, damage is shared between your health and your magic reserves.
Your bite disrupts and absorbs the magic of your enemies.
Potions cannot restore your health.


   Skills:
 - Level 2.6 Fighting
 - Level 1.5 Dodging
 - Level 6.0 Stealth
 + Level 2.3 Unarmed Combat


You couldn't memorise any spells.
You didn't know any spells.
Your spell library was empty.

Inventory:

Armour
 a - a +0 leather armour (worn)
Wands
 f - a wand of digging (3)
Scrolls
 b - a scroll of fog
 c - a scroll of magic mapping {!r}
 d - a scroll of fear
 g - a scroll of holy word {unknown}
Potions
 e - a potion of haste {@q3}

Dungeon Overview and Level Annotations

Branches:
Dungeon (6/15)
 Temple: D:4-7

Altars:

.###.#......####....# ......
.......#.....##...og####.#.#..
......#................h......
#.....................g......#
...#.........................
#.#.........................
###.............g.............
.........>...........>........
###.[...........@....†........
#<..#.......................
...#.###.....##...............
.#.#. ##########.#...........
.. .. #.##......#... . .##
#......##.###. ...
######...... .# ...... ##..


You could see a hound, an orc priest and 3 gnolls.


Message History

Options error: Delay interrupt name "hungry" not recognised. (~/.crawlrc:4761) Options error: Bad monster_list_colour key: strict_neutral (~/.crawlrc:4776) ✅ Successfully initialized magus.rc [v1.9.6] Welcome, spaghetti the Vine Stalker Delver.
It is said that the Orb of Zot exists deep within this dungeon.
Press ? for a list of commands and other information.
Found a scroll labelled TISOVUIMAR.
Found a stone staircase leading down.
g - a scroll labelled TISOVUIMAR
Found a stone staircase leading down.
A worm comes into view.
Found a stone staircase leading up.
There is a stone staircase leading down here.
You climb downwards.
The orc shouts!
You hear a shout!
The orc shouts!
The jelly quivers.
You hear a shout!
There is a stone staircase leading up here.
Unknown command.
There are monsters nearby!
There are monsters nearby!
You climb upwards.
There is a stone staircase leading down here.
The helpless worm fails to defend itself.
You hit the worm. You hit the worm. The worm bites you. 😎 MP[-1]
You lost 1 mp, and now have 1/2 mp.
You barely miss the worm. You barely miss the worm.
The worm bites you. 😮 HP[-4]
You take 4 damage, and now have 7/11 hp.
MASSIVE DAMAGE!! (PAUSE)
You hit the worm. The worm bites you.
* * * LOW HITPOINT WARNING * * *
😱 HP[-5] MP[-1]
You take 5 damage, and now have 2/11 hp.
MASSIVE DAMAGE!! (PAUSE)
You lost 1 mp, and now have 0/2 mp. 😨 HP[+1] 😨 MP[+1]
There is a stone staircase leading down here.
You climb downwards.
There is a stone staircase leading up here.
Unknown command.
Unknown command.
You start resting. 😨 MP[+1]
Your mp is fully restored (2).
Key pressed, stopping explore.
An orc comes into view. It is wielding a +0 club. 😨 HP[+2]
You regained 2 hp, and now have 5/11 hp.
An orc is nearby!
An orc is nearby!
An orc is nearby!
The orc shouts!
You climb upwards.
The worm completely misses you.
There is a stone staircase leading down here.
A worm is nearby!
You hit the worm. You bite the worm. You drain its power. You hit the worm.
The worm bites you.
* * * LOW HITPOINT WARNING * * *
😱 HP[-4] MP[-1]
You take 4 damage, and now have 1/11 hp.
MASSIVE DAMAGE!! (PAUSE)
You lost 1 mp, and now have 1/2 mp.
You hit the worm. The worm bites you. 😱 MP[-1]
You lost 1 mp, and now have 0/2 mp.
Unknown command.
Unknown command.
You hit the worm. You hit the worm. You punch the worm.
You kill the worm!
Unknown command.
Unknown command.
You start resting. 😱 HP[+1] MP[+2]
Your mp is fully restored (2).
You start resting.
A gnoll comes into view. It is wielding a +0 spear. 😨 HP[+2]
You regained 2 hp, and now have 4/11 hp.
A gnoll is nearby!
A gnoll is nearby!
A gnoll is nearby!
A gnoll comes into view.
It is wielding the +3 sling "Punk" {acid, rCorr}.
A gnoll comes into view.
It is wielding a +0 spear and carrying a wand of iceblast (9).
The gnoll moves out of view.
An orc priest comes into view. It is wielding a +0 flail.
The gnoll shouts!
You hear a bark!
You hear a shout! x2
A hound comes into view.
You hear a shout!
The gnoll shouts!
You hear a shout!
The gnoll throws a stone.
The stone hits you.
* * * LOW HITPOINT WARNING * * *
😱 HP[-2] MP[-1]
You take 2 damage, and now have 2/11 hp.
You lost 1 mp, and now have 1/2 mp.
The gnoll shoots a sling bullet.
The sling bullet hits you.
You die...

Action                   || total
-------------------------++-------
Melee: Unarmed           ||    10
       Punch             ||     1
       Bite              ||     1
 Stab: Sleeping          ||     1
Dodge: Dodged            ||     1

Levels and vault maps discovered:
D:5:      layout_rooms, grunt_temple_overflow_forces_of_nature, serial_glass,
          glass_columns_b, glass_columns_a, corexii_corridor_pit,
          minmay_fractal_squares_5
D:6:      kennysheep_housing_project, layout_basic,
          mainiacjoe_overflow_alcove_1, temple_hall

Notes
Turn   | Place    | Note
-------+----------+-------------------------------------------
     0 | D:5      | spaghetti the Vine Stalker Delver began the quest for the
                  | Orb.
     0 | D:5      | Reached XP level 1. HP: 11/11 MP: 2/2
     0 | D:5      | magus.rc [v1.9.6]
    14 | D:6      | Noticed a jelly
    15 | D:6      | Noticed an orc wizard
    25 | D:5      | HP: 2/11 [worm (5)]
   119 | D:5      | HP: 1/11 [worm (4)]
   208 | D:5      | a gnoll comes into view. It is wielding the +3 sling "Punk"
                  | {acid, rCorr}.
   209 | D:5      | Noticed an orc priest
   210 | D:5      | Noticed a hound
   211 | D:5      | HP: 2/11 [gnoll/stone (2)]
   214 | D:5      | Shot with a sling bullet by a gnoll

Vanquished Creatures
  A worm (D:5)
1 creature vanquished.

Table legend:
 A = Non-vault XP
 B = Vault XP
 C = Vault XP percentage of total XP
 D = Non-vault monster count
 E = Vault monster count
 F = Vault count percentage of total count
                 A         B        C        D         E       F
            +---------+---------+-------+---------+---------+-------
      Total |       5 |       0 |   0.0 |       1 |       0 |   0.0
            +---------+---------+-------+---------+---------+-------
        D:5 |       5 |       0 |   0.0 |       1 |       0 |   0.0
            +---------+---------+-------+---------+---------+-------

Illustrated notes

Table legend:
 A = Kills in this place as a percentage of kills in entire the game.
 B = Kills by you in this place as a percentage of kills by you in the entire game.
 C = Kills by friends in this place as a percentage of kills by friends in the entire game.
 D = Other kills in this place as a percentage of other kills in the entire game.
 E = Experience gained in this place as a percentage of experience gained in the entire game.
 F = Experience gained in this place divided by the number of levels of this place that you have seen.
                   A       B       C       D       E      F
               +-------+-------+-------+-------+-------+----------------------
         Total | 100.0 | 100.0 |   N/A |   N/A | 100.0 |   2.5
       Dungeon | 100.0 | 100.0 |   N/A |   N/A | 100.0 |   2.5
               +-------+-------+-------+-------+-------+----------------------

Table legend: (Time is in decaauts)
 A = Elapsed time spent in this place.
 B = Non-inter-level travel time spent in this place.
 C = Inter-level travel time spent in this place.
 D = Time resting spent in this place.
 E = Time spent auto-exploring this place.
 F = Levels seen in this place.
 G = Mean time per level.
                   A        B        C        D        E       F      G
               +--------+--------+--------+--------+--------+-----+--------+
         Total |    214 |    214 |      0 |     89 |     75 |   2 |  107.0 |
       Dungeon |    214 |    214 |      0 |     89 |     75 |   2 |  107.0 |
               +--------+--------+--------+--------+--------+-----+--------+

Top non-repeatable levels by time:
     D:5: 138 daAuts
     D:6: 76 daAuts
